 Dungeon Crawl Stone Soup version 0.30-a0-930-gb9d0489357 (webtiles) character file.

Game seed: 10478109824883732984

1396447 cforsyth the Planerender (level 27, 240/240 HPs)
             Began as a Human Summoner on Mar 23, 2023.
             Was the Champion of Jiyva.
             Escaped with the Orb
             ... and 3 runes!
             The game lasted 05:03:37 (114838 turns).

cforsyth the Planerender (Human Summoner)         Turns: 114838, Time: 05:03:38

Health: 240/240    AC: 28    Str: 17      XL:     27
Magic:  60/62      EV: 22    Int: 38 (39) God:    Jiyva [******]
Gold:   3246       SH: 16    Dex: 13      Spells: 9/69 levels left

rFire   + + .      SeeInvis .    W - +3 Elemental Staff {rElec rF++ rC++ AC+5}
rCold   + + .      Faith    .    h - +5 kite shield
rNeg    + + +      Spirit   +    A - +4 moon troll leather armour {Spirit, Regen++ MP+5}
rPois   +          Reflect  .    f - +2 hat {Int+3}
rElec   +          Rampage  .    s - +2 ratskin cloak {*Rats rPois rN+ Str-1 Int-1 Dex+1}
rCorr   +          Clarity  +    F - +2 pair of gloves "Doetyow" {rElec rN+ Int+3 Slay+2}
Will    +++++                    u - +2 pair of boots {Stlth+}
Stlth   +                        B - amulet of the Four Winds {rN+ Will+++ Clar}
HPRegen 5.40/turn                X - ring of magical power
MPRegen 0.88/turn                U - +6 ring of intelligence

@: calling dragons, studying 2 skills
A: iridescent scales 2, clever 1, deformed body, deterioration 1, regeneration
2, shaggy fur 1, electricity resistance, strong 2, pseudopods 2, jelly sensing
items
0: Orb of Zot
}: 3/15 runes: decaying, serpentine, slimy
a: Renounce Religion, Oozemancy, Slimify


You escaped.
You worshipped Jiyva.
Jiyva was exalted by your worship.
You visited 13 branches of the dungeon, and saw 56 of its levels.
You visited 1 bazaar.
You also visited: Trove, Gauntlet, Ice Cave and Volcano.

You collected 23387 gold pieces.
You spent 7109 gold pieces at shops.
You paid 13032 gold pieces to Gozag.

Inventory:

Hand Weapons
 S - the +4 consecrated labrys {holy, Valiant Fragile Fly SInv}
   (You found it in a treasure trove)

   Valiant:   It becomes more powerful as more dangerous foes come into view.
   SInv:      It lets you see invisible.
   Fly:       It grants you flight.
   Fragile:   It will be destroyed if unequipped.
 W - the +3 Elemental Staff (weapon) {rElec rF++ rC++ AC+5}
   (You took it off a wizard on level 1 of the Elven Halls)

   It enhances your fire, ice, earth and air magic.
   AC:        It affects your AC (+5).
   rF:        It greatly protects you from fire.
   rC:        It greatly protects you from cold.
   rElec:     It insulates you from electricity.
Armour
 f - a +2 hat of intelligence (worn)
 h - a +5 kite shield (worn)
 s - the +2 ratskin cloak (worn) {*Rats rPois rN+ Str-1 Int-1 Dex+1}
   (You bought it in a shop on level 1 of the Lair of Beasts)

   *Rats:     When the wearer is hurt, rats may emerge from it to assist them.
   Str:       It affects your strength (-1).
   Int:       It affects your intelligence (-1).
   Dex:       It affects your dexterity (+1).
   rPois:     It protects you from poison.
   rN:        It protects you from negative energy.
 u - a +2 pair of boots of stealth (worn)
 A - the +4 moon troll leather armour (worn) {Spirit, Regen++ MP+5}
   (You bought it in a shop on level 1 of the Lair of Beasts)

   MP:        It affects your magic capacity (+5).
   Regen:     It increases your rate of health regeneration.
 F - the +2 pair of gloves "Doetyow" (worn) {rElec rN+ Int+3 Slay+2}
   (You found it in a treasure trove)

   Int:       It affects your intelligence (+3).
   Slay:      It affects your accuracy & damage with ranged weapons and melee
   (+2).
   rElec:     It insulates you from electricity.
   rN:        It protects you from negative energy.
Jewellery
 k - the ring "Katy Jyt" {rCorr EV+5 Str+2 Stlth+}
   (You took it off a tengu reaver on level 1 of the Vaults)

   [ring of evasion]

   EV:        It affects your evasion (+5).
   Str:       It affects your strength (+2).
   rCorr:     It protects you from acid and corrosion.
   Stlth:     It makes you more stealthy.
 m - the ring "Ruboz" {rPois Dex+6}
   (You took it off a deep elf annihilator on level 3 of the Elven Halls)

   [ring of dexterity]

   Dex:       It affects your dexterity (+6).
   rPois:     It protects you from poison.
 q - the ring of Voybly {+Blink rN+ Will- Dex+4 SInv}
   (You found it on level 3 of the Crypt)

   [ring of positive energy]

   Dex:       It affects your dexterity (+4).
   rN:        It protects you from negative energy.
   SInv:      It lets you see invisible.
   +Blink:    It lets you blink.
   Will:      It decreases your willpower.
 v - a ring of wizardry
 B - the amulet of the Four Winds (around neck) {rN+ Will+++ Clar}
   (You bought it in a shop on level 1 of the Lair of Beasts)

   [amulet of nothing]

   rN:        It protects you from negative energy.
   Clar:      It protects you against confusion.
   Will:      It greatly increases your willpower.
 J - the amulet "Souvu" {Contam +Blink Regen+ Int+9 SInv}
   (You found it in a treasure trove)

   [amulet of regeneration]

   Int:       It affects your intelligence (+9).
   SInv:      It lets you see invisible.
   +Blink:    It lets you blink.
   Contam:    It causes magical contamination when unequipped.
   Regen:     It increases your rate of health regeneration.
 L - the amulet of Tulips {RegenMP rN++ Int+2}
   (You bought it in a shop on level 1 of the Lair of Beasts)

   [amulet of magic regeneration]

   It increases your rate of magic regeneration.
   Int:       It affects your intelligence (+2).
   rN:        It greatly protects you from negative energy.
 N - the ring of the Morning {Ice +Blink rPois Int-2 Dex-2}
   (You took it off Josephina on level 1 of the Crypt)

   [ring of ice]

   It enhances your ice magic.
   Int:       It affects your intelligence (-2).
   Dex:       It affects your dexterity (-2).
   rF:        It makes you vulnerable to fire.
   rC:        It protects you from cold.
   rPois:     It protects you from poison.
   +Blink:    It lets you blink.
 P - the ring of Xacuurch {rPois rC+ AC+4 Int-5}
   (You found it in a Gauntlet)

   [ring of protection]

   AC:        It affects your AC (+4).
   Int:       It affects your intelligence (-5).
   rC:        It protects you from cold.
   rPois:     It protects you from poison.
 T - a ring of flight
 U - a +6 ring of intelligence (right hand)
 X - a ring of magical power (left hand)
 Y - an amulet of faith
Wands
 t - a wand of flame (76)
 G - a wand of digging (1)
 H - a wand of roots (33)
 K - a wand of paralysis (26)
 Q - a wand of light (23)
 V - a wand of mindburst (20)
Scrolls
 c - 5 scrolls of immolation
 e - 5 scrolls of vulnerability
 g - 12 scrolls of teleportation
 n - 6 scrolls of enchant armour
 p - 5 scrolls of torment
 r - 5 scrolls of poison
 w - 7 scrolls of amnesia
 y - 12 scrolls of fog
 D - 9 scrolls of fear
 I - a scroll of summoning
 O - 3 scrolls of silence
Potions
 a - 10 potions of cancellation
 b - 2 potions of magic
 d - 9 potions of resistance
 i - 28 potions of curing
 l - 7 potions of haste
 o - 8 potions of heal wounds
 x - 5 potions of invisibility
 z - 6 potions of attraction
 C - 13 potions of mutation
 E - 9 potions of lignification
 M - 7 potions of brilliance
 R - 7 potions of flight
 Z - 5 potions of ambrosia


   Skills:
 + Level 24.4 Fighting
 - Level 4.9 Armour
 + Level 24.5 Dodging
 - Level 2.3 Stealth
 - Level 10.0 Shields
 + Level 21.5 Spellcasting
 - Level 4.2 Hexes
 O Level 27 Summonings
 - Level 5.0 Air Magic


You had 9 spell levels left.
You knew the following spells:

 Your Spells              Type           Power      Damage    Failure   Level
a - Summon Small Mammal   Summ           100%       N/A       0%          1
b - Call Imp              Summ           100%       N/A       0%          2
c - Call Canine Familiar  Summ           100%       N/A       0%          3
d - Summon Guardian Gole  Hex/Summ       100%       N/A       0%          3
e - Summon Lightning Spi  Summ/Air       100%       N/A       1%          4
f - Summon Forest         Summ/Tloc      48%        N/A       1%          5
g - Summon Cactus Giant   Summ           64%        N/A       0%          6
h - Summon Mana Viper     Hex/Summ       100%       N/A       1%          5
i - Summon Hydra          Summ           64%        N/A       1%          7
j - Dragon's Call         Summ           64%        N/A       2%          9
k - Summon Horrible Thin  Summ           64%        N/A       1%          8
l - Monstrous Menagerie   Summ           64%        N/A       1%          7

Your spell library contained the following spells:

 Spells                   Type           Power      Damage    Failure   Level
 Foxfire                  Conj/Fire      100%       2x1d9     1%          1
 Kiss of Death            Conj/Necr      100%       2d13      1%          1
 Magic Dart               Conj           100%       1d8       1%          1
 Necrotise                Necr           100%       1d9       1%          1
 Slow                     Hex            100%       N/A       1%          1
 Sting                    Tmut/Pois      100%       1d8       1%          1
 Cigotuvi's Dreadful Rot  Necr/Pois/Air  100%       N/A       1%          2
 Poisonous Vapours        Pois/Air       100%       N/A       1%          2
 Static Discharge         Conj/Air       100%       2-7/arc   1%          2
 Confusing Touch          Hex            65%        N/A       1%          3
 Inner Flame              Hex/Fire       72%        N/A       1%          3
 Portal Projectile        Hex/Tloc       100%       N/A       1%          3
 Tukima's Dance           Hex            65%        N/A       1%          3
 Vhi's Electric Charge    Tloc/Air       100%       N/A       1%          3
 Summon Ice Beast         Ice/Summ       100%       N/A       1%          4
 Scorch                   Fire           100%       2d10      2%          2
 Sublimation of Blood     Necr           40%        N/A       2%          2
 Wereblood                Tmut           40%        N/A       2%          2
 Kindle Blastsparks       Fire/Tloc/Air  100%       2d18      2%          3
 Mephitic Cloud           Conj/Pois/Air  69%        N/A       2%          3
 Airstrike                Air            43%        2d(7-23)  2%          4
 Cause Fear               Hex            32%        N/A       2%          4
 Frozen Ramparts          Ice            100%       1d16      4%          3
 Ozocubu's Armour         Ice            57%        N/A       4%          3
 Vampiric Draining        Necr           40%        2d8       4%          3
 Haunt                    Necr/Summ      48%        N/A       5%          7
 Anguish                  Hex/Necr       27%        N/A       7%          4
 Fulminant Prism          Conj/Hex       27%        3d14      7%          4
 Leda's Liquefaction      Hex/Erth       36%        N/A       7%          4
 Silence                  Hex/Air        42%        N/A       7%          5
 Animate Dead             Necr           40%        N/A       17%         4
 Flame Wave               Conj/Fire      57%        2d14      17%         4
 Ice Form                 Ice/Tmut       57%        N/A       17%         4
 Iskenderun's Mystic Bla  Conj/Tloc      40%        2d9       17%         4
 Manifold Assault         Tloc           40%        N/A       17%         4
 Olgreb's Toxic Radiance  Pois           40%        N/A       17%         4
 Passage of Golubria      Tloc           40%        N/A       17%         4
 Petrify                  Tmut/Erth      57%        N/A       17%         4
 Sticky Flame             Conj/Fire      57%        2d7       17%         4
 Arcjolt                  Conj/Air       37%        1d47      17%         5
 Plasma Beam              Fire/Air       47%        2x1d67    17%         5
 Metabolic Englaciation   Hex/Ice        36%        N/A       19%         5
 Yara's Violent Unravell  Hex/Tmut       27%        3d12      19%         5
 Freezing Cloud           Conj/Ice/Air   44%        6-21      24%         5
 Agony                    Necr           40%        N/A       43%         5
 Blade Hands              Tmut           20%        N/A       43%         5
 Borgnjor's Vile Clutch   Necr/Erth      28%        N/A       43%         5
 Fireball                 Conj/Fire      28%        3d12      43%         5
 Irradiate                Conj/Tmut      20%        3d18      43%         5
 Iskenderun's Battlesphe  Conj           40%        2d9       43%         5
 Lee's Rapid Deconstruct  Erth           28%        3d15*     43%         5
 Conjure Ball Lightning   Conj/Air       37%        3x3d12    67%         6
 Enfeeble                 Hex            32%        N/A       94%         7
 Death Channel            Necr           20%        N/A       95%         6
 Dispersal                Tloc           20%        N/A       95%         6
 Eringya's Noxious Bog    Tmut/Pois      20%        N/A       95%         6
 Simulacrum               Ice/Necr       28%        N/A       95%         6
 Starburst                Conj/Fire      28%        6d9       95%         6
 Statue Form              Tmut/Erth      38%        N/A       95%         6
 Dragon Form              Tmut           20%        N/A       100%        7
 Orb of Destruction       Conj           20%        9d8       100%        7
 Ozocubu's Refrigeration  Ice            28%        4d13      100%        7
 Disjunction              Tloc           20%        N/A       100%        8
 Ignition                 Fire           28%        3d9       100%        8
 Infestation              Necr           20%        N/A       100%        8
 Lehudib's Crystal Spear  Conj/Erth      28%        10d8      100%        8
 Necromutation            Tmut/Necr      20%        N/A       100%        8
 Chain Lightning          Conj/Air       37%        3d49      100%        9
 Fire Storm               Conj/Fire      28%        8d7       100%        9
 Polar Vortex             Ice            28%        N/A       100%        9
 Shatter                  Erth           28%        3d24*     100%        9


Dungeon Overview and Level Annotations

Branches:
Dungeon (15/15)            Temple (1/1) D:5            Lair (5/5) D:10
  Swamp (4/4) Lair:3        Snake (4/4) Lair:2        Slime (5/5) Lair:4
    Orc (2/2) D:10            Elf (3/3) Orc:2        Vaults (4/5) D:14
  Crypt (3/3) Vaults:3       Tomb (1/3) Crypt:3      Depths (4/4) D:15
    Zot (5/5) Depths:4      IceCv (visited)         Volcano (visited)
Gauntlet (visited)

Altars:
Ashenzari
Cheibriados
Dithmenos
Elyvilon
Fedhas
Gozag
Hepliaklqana
Kikubaaqudgha
Makhleb
Nemelex Xobeh
Okawaru
Qazlal
Ru
Sif Muna
Trog
Uskayaw
Vehumet
Wu Jian
Xom
Yredelemnul
Zin
The Shining One
Jiyva

Shops:
D:9 **   D:13 (   Orc:2 [=!**   Elf:1 =   Lair:1 !?*[:[[=*[=   Snake:2 *!*(*[(=
Snake:4 (*?!

Portals:
Hell: Depths:1 Depths:2 Depths:3 Depths:4
Abyss: Depths:1 Depths:2 Depths:3 Depths:4
Pandemonium: Orc:2 Depths:2 Depths:3 Depths:4
Ziggurat: Depths:4

Annotations:
Slime:5 Royal Jelly


Innate Abilities, Weirdness & Mutations

You are mostly covered in iridescent scales. (AC +4)
Your mind is acute. (Int +4, Str/Dex -1)
Armour fits poorly on your strangely shaped body.
Your body sometimes deteriorates upon taking damage.
You heal very quickly.
You are covered in fur. (AC +1)
You are resistant to electric shocks. (rElec)
Your muscles are very strong. (Str +8, Int/Dex -2)
Armour fits poorly on your large pseudopods.
You have a small jelly attached to you that senses nearby items.


Message History

Your golden dragon breathes cold at the rust devil.
The bolt of cold hits the rust devil!
The rust devil resists.
Your quicksilver dragon bites the rust devil!
The rust devil dies!
Fopimmur gestures at you.
The bolt of cold hits your golden dragon!
Your golden dragon resists.
The bolt of cold hits your storm dragon!!
Your storm dragon resists.
The bolt of cold hits your large abomination!!!
You swap places.
You open the door.
There is an open door here.
A dragon arrives to answer your call!
Your storm dragon bites Fopimmur but does no damage.
Your storm dragon claws Fopimmur but does no damage.
Your storm dragon tramples Fopimmur but does no damage.
Fopimmur hits your storm dragon!
Your storm dragon bites Fopimmur but does no damage.
Your storm dragon claws Fopimmur but does no damage.
Your storm dragon tramples Fopimmur but does no damage.
Fopimmur closely misses your storm dragon.
Something closely misses your storm dragon.
Your quicksilver dragon disappears in a puff of smoke!
An Orb Guardian comes into view.
The Orb Guardian moves out of view.
There is a stone staircase leading down here.
Aiming: Dig
Press: ? - help, Shift-Dir - straight line A rock wall.
This square is covered in magical glow.
The rock shatters into small pieces.
Something hits your tentacled monstrosity!
The Orb Guardian hits your tentacled monstrosity!!
There is a staircase leading out of the dungeon here.
A dragon arrives to answer your call!
Your quicksilver dragon breathes dispelling energy at the Orb Guardian.
The bolt of dispelling energy hits the Orb Guardian!!
The Orb Guardian completely misses your quicksilver dragon.
You have escaped!

.....#.#####.########.####
#.# #.
X#####.#.................#
#.# #.
..####.#.#######'#######.#
#.# #.
#..X.#.#.#.............#.#
#.# #.
####.#.#.#.###########.#.#
#.# #.
#X#.#.#.#.........#.#.# #.#
#. #.§.#.#.#.#######.#.#.#
#.# #.
##.>#.#D#.#.....#.#.#.###.#
#.
##....X.X...@..#...#.†.#.#
#.
#.#.#.#.#.....#.#.#r#...#
#.
#.#.#.#.###.###.#.#.###.#
#. #.#.#.#.........#.#.#
#.# #.
#.#.#.###########.#.# #.#
#.
######.#.#.............#.#
#.# #.
.[.....#.#######'#######.#
#.# #.
.......#.................#
#.# #.
.......####.########.#####
#.# #K


You could see an Orb Guardian (ally target), a friendly tentacled monstrosity
(summoned) and a friendly quicksilver dragon (summoned, catching breath).

Vanquished Creatures
  A dire elephant (Vaults:1)
  A great orb of eyes (Slime:5)
  A two-headed ogre (Volcano)
  An orc high priest (Orc:2)
  Sonja (Lair:5)
  A deep troll (Depths:4)
  An oklob plant (Lair:4)
  An ice statue (IceCv)
  3 yaktaurs (Vaults:2)
  A hell hound (Volcano)
  An ogre (Orc:2)
  A white imp (D:6)
  A dart slug (D:1)
  An orc (Orc:1)
  An endoplasm (D:1)
  2 goblins
  A bat (D:1)
  A butterfly (D:8)
21 creatures vanquished.

Vanquished Creatures (collateral kills)
  2 ancient liches (Zot:5)
  2 dread liches
  Khufu (Crypt:1)
  8 orbs of fire
  The ghost of Sackuas the Slayer, a veteran OgBe of Trog (Zot:5)
  A juggernaut (Depths:2)
  3 royal mummies
  Boris (Depths:3)
  Josephina (Crypt:1)
  The ghost of Luiw the Slayer, a veteran HOBe of Trog (Vaults:2)
  Parghit (Depths:4)
  Bai Suzhen (Crypt:1)
  Saint Roka (Orc:2)
  4 Killer Klowns
  3 curse toes
  4 golden dragons
  3 bone dragons
  3 electric golems
  11 tentacled monstrosities
  A Hell Sentinel (D:14)
  Mlioglotl (Snake:2)
  A walking crystal tome (Depths:1)
  25 Orb Guardians (Zot:5)
  4 liches
  3 deep elf blademasters
  2 shard shrike skeletons
  6 quicksilver dragons
  An Executioner (D:12)
  2 deep elf master archers (Elf:3)
  11 death cobs
  15 acid blobs
  7 sphinxes
  9 ancient champions
  11 storm dragons
  7 tengu reavers
  4 shadow dragons
  15 draconian monks
  10 azure jellies
  6 rockslimes
  4 draconian knights
  Roxanne (Snake:3)
  6 nagarajas (Snake:4)
  4 revenants
  5 deep elf sorcerers (Elf:3)
  6 fire giants
  12 vault wardens
  Louise (Snake:3)
  3 frost giants
  A caustic shrike zombie (Crypt:3)
  An iron dragon (Elf:1)
  6 draconian shifters
  Aizul (Lair:2)
  16 ghouls
  6 draconian scorchers
  3 ghost moths
  2 curse skulls
  7 orc warlords
  21 ironbound preservers
  7 deep elf elementalists
  8 draconian annihilators
  3 reapers
  2 juggernaut skeletons (Crypt:3)
  6 quicksilver oozes
  3 draconian stormcallers
  11 stone giants
  The ghost of relicbr the Unseen, a journeyman SpDe of Dithmenos (Snake:4)
  A caustic shrike skeleton (Crypt:3)
  27 very ugly things
  12 ironbound thunderhulks
  14 black draconians
  12 vampire knights
  5 deep elf demonologists
  A war gargoyle (Vaults:3)
  5 eleionomae
  4 bennus (Tomb:1)
  A minotaur (Gauntlet)
  12 green draconians
  12 red draconians
  14 purple draconians
  8 white draconians
  8 deep elf annihilators
  20 dire elephants
  3 bunyips
  Azrael (Orc:2)
  A spectral quicksilver dragon (Zot:5)
  10 yellow draconians
  The ghost of Geneuc the Severer, a journeyman HOFi of Okawaru (Orc:1)
  A spark wasp (Depths:1)
  3 ettins
  5 mummy priests (Tomb:1)
  3 eidola
  2 shambling mangroves
  12 jiangshi
  10 deep elf death magi
  A deep elf high priest (Elf:3)
  8 fire dragons
  12 ice dragons
  5 salamander tyrants
  8 yaktaur captains
  3 ogre magi
  An entropy weaver (Vaults:3)
  2 peacekeepers (Vaults:4)
  2 rakshasas
  2 Orb Guardian zombies (Crypt:2)
  16 hydras
  2 hell beasts
  14 great orbs of eyes
  5 spriggan skeletons
  6 vault guards
  A catoblepas (D:14)
  9 ironbound frosthearts
  3 spriggan air magi
  2 demonspawn (Orc:2)
  Erica (Lair:2)
  4 anacondas
  5 death yaks
  4 boulder beetles
  5 death scarabs
  5 tengu warriors
  5 centaur warriors
  29 dancing weapons
  2 death knights (Crypt:1)
  10 two-headed ogres
  10 deep troll shamans
  10 alligators
  7 deep troll earth magi
  7 shock serpents
  16 naga warriors
  6 vampire magi
  A hell hog (Depths:1)
  2 titan zombies
  2 soul eaters
  13 naga sharpshooters
  5 orc high priests (Orc:2)
  21 deep elf knights
  10 sun demons
  7 titan skeletons (Crypt:3)
  A hell knight (Depths:4)
  7 spriggan berserkers
  A shadow wraith (Crypt:2)
  5 iron trolls
  2 sixfirhies
  5 salamander mystics
  A spectral yellow draconian (Zot:5)
  A fire crab (Swamp:4)
  A spectral black draconian (Zot:5)
  3 goliath frogs
  49 skeletal warriors
  An anaconda skeleton (Crypt:3)
  A spriggan druid (Swamp:4)
  An obsidian statue (Snake:3)
  A bunyip skeleton (Crypt:3)
  10 phantasmal warriors
  10 swamp dragons
  7 bog bodies
  96 deep trolls
  7 flayed ghosts
  24 lindwurms
  A harpy (Vaults:2)
  19 orc knights
  6 naga ritualists
  8 deep elf archers
  3 tengu zombies (Depths:3)
  2 necromancers
  14 wizards
  2 spriggan simulacra (Crypt:1)
  22 deep elf pyromancers
  2 shadow dragon skeletons
  25 ironbound convokers
  5 orc sorcerers
  30 deep elf zephyrmancers
  5 shining eyes
  4 iron dragon zombies
  11 mana vipers
  5 cyclopes
  2 will-o-the-wisps (Swamp:2)
  54 ugly things
  17 salamanders
  2 wolf spiders (D:15)
  24 moths of wrath
  2 tengu skeletons
  10 elephants
  16 vault sentinels
  A goliath frog skeleton (Crypt:2)
  A frost giant skeleton (Depths:3)
  29 black mambas
  2 iron dragon skeletons (Depths:3)
  2 eyes of devastation
  4 guardian serpents
  Joseph (D:9)
  A torpor snail (Lair:5)
  3 molten gargoyles (Lair:5)
  19 naga magi
  2 orange demons
  2 gargoyles
  An elephant slug zombie (Crypt:3)
  2 rust devils
  A smoke demon (Zot:1)
  A purple draconian zombie (Crypt:2)
  9 cane toads
  A death yak zombie (Crypt:1)
  24 yaktaurs
  9 rime drakes
  A ghost moth simulacrum (Zot:5)
  A tengu conjurer (D:15)
  2 red devils
  8 guardian mummies (Tomb:1)
  An ice devil (Orc:2)
  2 freezing wraiths
  2 dire elephant skeletons (Crypt:3)
  6 komodo dragons
  A white draconian skeleton (Crypt:1)
  A green draconian skeleton (Crypt:3)
  The ghost of cforsyth the Blocker, an amateur HuFi of Okawaru (D:6)
  2 spectral moths of wrath (Zot:5)
  A polar bear (IceCv)
  A meliai (Gauntlet)
  9 trolls
  A hellwing (Depths:4)
  6 tyrant leeches
  15 hornets
  2 harpy skeletons (Crypt:3)
  A fire giant simulacrum (Vaults:3)
  13 blink frogs
  3 raiju (D:12)
  89 slime creatures
  2 human simulacra (Vaults:3)
  A satyr zombie (Crypt:2)
  2 shadows (D:9)
  A centaur simulacrum (D:15)
  A ynoxinul (Depths:2)
  7 air elementals
  9 flying skulls
  9 spriggans
  3 water elementals
  5 wyverns
  20 humans (D:14)
  3 ettin skeletons
  6 wraiths
  8 basilisks
  6 fire elementals
  22 yaks
  An alligator snapping turtle simulacrum (Crypt:1)
  7 fire bats (Swamp:4)
  2 black mamba skeletons
  5 steam dragons
  6 vampire mosquitoes
  2 chaos spawn (Orc:2)
  A warg (Orc:2)
  2 green draconian simulacra (Zot:5)
  2 yellow draconian simulacra (Zot:5)
  3 redbacks (Vaults:3)
  A fire bat zombie (Crypt:1)
  A merfolk zombie (Crypt:3)
  A glowing shapeshifter zombie (Depths:3)
  15 swamp worms
  2 white draconian simulacra (Zot:5)
  37 nagas
  17 hell hounds
  A naga skeleton (Crypt:3)
  A deep troll skeleton (Crypt:3)
  8 water moccasins
  A two-headed ogre zombie (Crypt:1)
  34 orc warriors
  14 swamp drakes
  A glowing shapeshifter skeleton (Depths:3)
  A moth of wrath simulacrum (Zot:5)
  4 human zombies
  4 black bears
  9 ogres
  3 sky beasts
  10 wolves
  7 centaurs
  A manticore skeleton (Crypt:2)
  2 lemures (D:8)
  2 kobold brigands
  7 bullfrogs
  3 necrophages
  A gnoll sergeant (D:10)
  8 scorpions
  2 earth elementals
  A naga simulacrum (Crypt:1)
  13 wights (Crypt:3)
  A polar bear zombie (Crypt:3)
  6 killer bees
  A yak skeleton (Crypt:2)
  An electric eel (Lair:2)
  5 howler monkeys
  A wolf zombie (Crypt:1)
  4 lava snakes (Lair:5)
  A centaur zombie (Crypt:1)
  5 hounds
  5 jellies
  3 human skeletons (Crypt:1)
  26 orc priests
  2 iguanas
  A sleepcap (D:6)
  15 orc wizards
  16 nameless horrors
  A sky beast zombie (Crypt:1)
  20 mummies
  20 gnolls
  5 adders
  A steam dragon zombie (Crypt:1)
  A white imp (D:5)
  A jelly zombie (Crypt:3)
  A lava snake skeleton (Crypt:1)
  5 worms
  2 dart slugs
  60 orcs
  5 endoplasms
  8 giant cockroaches
  5 goblins
  8 hobgoblins
  2 jackals (D:2)
  14 kobolds
  A quokka (D:3)
  7 ball pythons
  7 bats
  An endoplasm zombie (Crypt:2)
  3 frilled lizards
  A kobold zombie (Crypt:3)
  6 rats
  A river rat skeleton (Crypt:2)
  A spectral kobold (D:3)
  A bush (Lair:4)
  A butterfly (D:8)
2276 creatures vanquished.

Vanquished Creatures (others)
  A tentacled monstrosity (Zot:3)
  Asterion (Elf:2)
  A storm dragon (Zot:4)
  A frost giant (IceCv)
  A draconian annihilator (Zot:3)
  A juggernaut skeleton (Depths:3)
  2 red draconians (Zot:3)
  4 bunyips (Swamp:3)
  3 yellow draconians
  A white draconian (Zot:3)
  A fire dragon (Swamp:4)
  2 great orbs of eyes (Depths:1)
  A spriggan zombie (Depths:3)
  Fannar (Lair:2)
  A vault guard (D:14)
  3 hydras
  A glowing orange brain (Depths:4)
  A centaur warrior (D:13)
  5 death yaks
  8 two-headed ogres
  2 alligators
  A spriggan berserker (Depths:3)
  2 orc high priests (Orc:2)
  A deep elf knight (Elf:3)
  2 skeletal warriors (D:15)
  A deep troll (Depths:1)
  A flayed ghost (Depths:3)
  3 spriggan druids
  A spriggan simulacrum (Crypt:1)
  A swamp dragon (Swamp:1)
  Pikel (D:8)
  A deep elf pyromancer (D:13)
  A lindwurm (Swamp:4)
  A necromancer (D:14)
  2 manticores
  A spectral boulder beetle (Gauntlet)
  An ugly thing (IceCv)
  A cyclops (D:11)
  An iron dragon skeleton (Depths:3)
  A will-o-the-wisp (Swamp:2)
  A cyclops (shapeshifter) (Depths:4)
  3 black mambas
  2 eyes of devastation (Depths:1)
  3 rime drakes
  2 cane toads (Lair:2)
  8 komodo dragons
  2 meliai (Gauntlet)
  2 bloated husks
  5 polar bears
  A tyrant leech (Swamp:1)
  6 hornets
  6 blink frogs
  An air elemental (Elf:1)
  A shadow (D:11)
  A flying skull (Depths:3)
  4 spriggans
  A wraith (D:9)
  9 yaks
  Eustachio (D:4)
  A wyvern (D:9)
  2 steam dragons (Swamp:4)
  3 humans
  2 floating eyes (Depths:1)
  3 nagas (Lair:2)
  A glowing shapeshifter skeleton (Depths:3)
  A water moccasin (Lair:4)
  6 orc warriors
  A swamp drake (Swamp:3)
  A black bear (D:6)
  An ice beast (D:5)
  4 ogres
  8 wolves
  2 lemures (D:8)
  2 kobold brigands (D:10)
  4 gnoll sergeants
  A necrophage (Crypt:2)
  2 killer bees (D:11)
  194 jellies
  3 gnoll boudas
  An iguana (D:6)
  2 mummies (Tomb:1)
  12 gnolls
  An orc (Orc:2)
  6 bushes (D:15)
  A butterfly (D:15)
  18 foxfires (Swamp:2)
  36 fungi
  54 plants
  55 snaplasher vines
  4 withered plants (D:4)
557 creatures vanquished.

Grand Total: 2854 creatures vanquished

Notes
Turn   | Place    | Note
-------+----------+-------------------------------------------
     0 | D:1      | cforsyth the Human Summoner began the quest for the Orb.
     0 | D:1      | Reached XP level 1. HP: 13/13 MP: 3/3
   389 | D:1      | Reached XP level 2. HP: 16/19 MP: 5/5
   544 | D:1      | Learned a level 2 spell: Call Imp
   765 | D:1      | Reached XP level 3. HP: 24/24 MP: 2/6
   973 | D:1      | Learned a level 3 spell: Call Canine Familiar
  1609 | D:2      | Reached skill level 1 in Shields
  1609 | D:2      | Reached XP level 4. HP: 30/30 MP: 0/7
  2649 | D:3      | Reached XP level 5. HP: 25/35 MP: 2/9
  2727 | D:3      | Reached skill level 5 in Summonings
  2777 | D:3      | Paralysed by an orc for 5 turns
  3006 | D:3      | Reached XP level 6. HP: 31/41 MP: 3/11
  3022 | D:3      | Learned a level 3 spell: Summon Guardian Golem
  3116 | D:3      | Found a hazy altar of Hepliaklqana.
  4275 | D:4      | Reached XP level 7. HP: 46/46 MP: 5/13
  4348 | D:4      | Reached skill level 6 in Summonings
  5062 | D:4      | Found a basalt altar of Yredelemnul.
  5224 | D:5      | Entered Level 5 of the Dungeon
  5538 | D:4      | Reached skill level 1 in Hexes
  5551 | D:4      | Reached skill level 5 in Spellcasting
  5673 | D:5      | Noticed Eustachio
  5858 | D:5      | Found an opulent altar of Gozag.
  6036 | D:5      | Found a staircase to the Ecumenical Temple.
  6048 | Temple   | Entered the Ecumenical Temple
  6089 | D:5      | Became a worshipper of Gozag Ym Sagoz the Greedy
  6400 | D:4      | Reached XP level 8. HP: 52/52 MP: 0/15
  6663 | D:4      | Killed Eustachio
  6925 | D:4      | Learned a level 4 spell: Summon Lightning Spire
  6984 | D:5      | Reached skill level 7 in Summonings
  7274 | D:5      | Reached skill level 1 in Air Magic
  7315 | D:5      | Identified the +1 leather armour of Yczyiss {rElec Slay+5}
  7373 | D:5      | Found a sparkling altar of Nemelex Xobeh.
  7837 | D:5      | Found a blossoming altar of Fedhas.
  7837 | D:5      | Found a sacrificial altar of Ru.
  8160 | D:6      | You fall into a shaft and drop 1 floor!
  8280 | D:6      | Found a runed translucent gate.
  8280 | D:6      | Found a runed translucent gate.
  8281 | D:6      | Found a runed translucent gate.
  8281 | D:6      | Noticed cforsyth's ghost (amateur HuFi)
  8375 | D:6      | Reached XP level 9. HP: 43/57 MP: 10/18
  8768 | D:6      | Found a burning altar of Makhleb.
  9325 | D:7      | Reached skill level 8 in Summonings
  9617 | D:7      | Found a shimmering altar of Xom.
  9651 | D:7      | Noticed a two-headed ogre
  9652 | D:7      | Identified the +3 scale mail "Qool" {rElec rN+}
  9668 | D:7      | Killed a two-headed ogre
  9669 | D:7      | Reached skill level 5 in Air Magic
  9669 | D:7      | Reached XP level 10. HP: 63/63 MP: 14/21
 10157 | D:8      | Noticed Pikel
 10186 | D:8      | Killed Pikel
 10187 | D:8      | Reached skill level 9 in Summonings
 10434 | D:8      | Found an iron altar of Okawaru.
 10706 | D:8      | Found a runed translucent door.
 10708 | D:8      | Found a runed translucent door.
 11092 | D:9      | Noticed Joseph
 11092 | D:9      | Noticed a two-headed ogre
 11192 | D:9      | Found a bloodstained altar of Trog.
 11203 | D:9      | Reached skill level 10 in Summonings
 11545 | D:9      | Noticed a boulder beetle
 12126 | D:9      | Found Kelar's General Store.
 12303 | D:9      | Found Nulithrutz's General Store.
 12373 | D:9      | Found an ancient bone altar of Kikubaaqudgha.
 12398 | D:9      | Killed Joseph
 12399 | D:9      | Reached XP level 11. HP: 38/68 MP: 13/24
 12738 | D:10     | Entered Level 10 of the Dungeon
 12763 | D:10     | Noticed a death yak
 12797 | D:10     | Killed a death yak
 12876 | D:10     | Found a staircase to the Lair.
 12906 | D:10     | Found an ornate altar of the Wu Jian Council.
 13010 | D:10     | Noticed a two-headed ogre
 13020 | D:10     | Killed a two-headed ogre
 13387 | D:10     | Reached skill level 5 in Shields
 13387 | D:10     | Reached skill level 11 in Summonings
 13812 | D:10     | Reached skill level 10 in Spellcasting
 13959 | D:10     | Found a staircase to the Orcish Mines.
 14380 | D:11     | Found a glowing golden altar of the Shining One.
 14524 | D:11     | Noticed a cyclops
 14533 | D:11     | Killed a cyclops
 14783 | D:11     | Noticed a two-headed ogre
 14794 | D:11     | Killed a two-headed ogre
 15236 | D:12     | Found a flickering gateway to a bazaar.
 15242 | Bazaar   | Entered a bazaar
 15242 | Bazaar   | Found Yqous's Magic Scroll Shoppe.
 15242 | Bazaar   | Found Pint's Magic Scroll Emporium.
 15253 | Bazaar   | Found Gif Daez's Magic Scroll Shoppe.
 15269 | Bazaar   | Found Qecatsat's Weapon Emporium.
 15292 | Bazaar   | Bought a scroll of teleportation for 36 gold pieces
 15292 | Bazaar   | Bought a scroll of teleportation for 36 gold pieces
 15296 | Bazaar   | Bought a scroll of blinking for 67 gold pieces
 15296 | Bazaar   | Bought a scroll of summoning for 85 gold pieces
 15306 | Bazaar   | Bought a scroll of enchant armour for 52 gold pieces
 15352 | D:12     | Identified the +5 battleaxe "Ciekuk" {vamp, rCorr}
 15370 | D:12     | Noticed a sixfirhy
 15370 | D:12     | Noticed a shock serpent
 15630 | Lair:1   | Entered Level 1 of the Lair of Beasts
 15637 | Lair:1   | Reached skill level 12 in Summonings
 15653 | Lair:1   | Reached XP level 12. HP: 74/74 MP: 19/26
 16223 | Lair:1   | Reached skill level 1 in Fighting
 17741 | Lair:2   | Reached skill level 5 in Dodging
 17864 | Lair:2   | Noticed Fannar
 17883 | Lair:2   | Killed Fannar
 18271 | Lair:2   | Noticed Erica
 18285 | Lair:2   | Killed Erica
 18286 | Lair:2   | Reached skill level 5 in Fighting
 18286 | Lair:2   | Reached XP level 13. HP: 91/91 MP: 15/27
 18704 | Lair:2   | Found a staircase to the Snake Pit.
 19016 | Lair:3   | Found a staircase to the Swamp.
 19487 | Lair:3   | You fall into a shaft and drop 1 floor!
 19506 | Lair:4   | Learned a level 6 spell: Summon Cactus Giant
 19667 | Lair:4   | Found a frozen archway.
 19668 | Lair:4   | Noticed an eight-headed hydra
 19675 | Lair:4   | Killed an eight-headed hydra
 19778 | IceCv    | Entered an ice cave
 19995 | IceCv    | Reached skill level 13 in Summonings
 20914 | IceCv    | Noticed a frost giant
 20954 | IceCv    | Killed a frost giant
 20968 | IceCv    | Reached XP level 14. HP: 58/100 MP: 5/30
 21650 | Lair:4   | Found a viscous altar of Jiyva.
 21666 | Lair:4   | Found a staircase to the Slime Pits.
 22051 | Lair:3   | Reached skill level 14 in Summonings
 23917 | Lair:5   | Entered Level 5 of the Lair of Beasts
 23918 | Lair:5   | Noticed Sonja
 23939 | Lair:5   | Killed Sonja
 23944 | Lair:5   | Found a dark tunnel.
 23947 | Volcano  | Entered a volcano
 24943 | Lair:5   | Reached skill level 15 in Summonings
 25636 | Lair:5   | Found a large runed translucent door.
 25707 | Lair:5   | Reached XP level 15. HP: 53/108 MP: 26/32
 26019 | Lair:5   | Found a large runed translucent door.
 27259 | Orc:1    | Entered Level 1 of the Orcish Mines
 27259 | Orc:1    | Found a transporter.
 27269 | Orc:1    | Noticed an orc warlord
 27370 | Orc:1    | Noticed Geneuc's ghost (journeyman HOFi)
 27418 | Orc:1    | Found a bloodstained altar of Trog.
 27430 | Orc:1    | Found a transporter.
 27870 | Orc:2    | Entered Level 2 of the Orcish Mines
 27870 | Orc:2    | Found Nexkyimn's Overcharged Wands.
 27977 | Orc:2    | Noticed Azrael
 30432 | Orc:2    | Killed Azrael
 30804 | Orc:2    | Found Deptepem's General Store.
 30809 | Orc:2    | Found Kosu's Distillery.
 31470 | Orc:2    | Reached skill level 10 in Dodging
 31551 | Orc:2    | Gained mutation: You are clumsy. (Dex -2) [a neqoxec]
 31921 | Orc:2    | Reached skill level 10 in Fighting
 32164 | Orc:2    | Found Pugg's Jewellery Boutique.
 32164 | Orc:2    | Found Gucziet's Antique Armour Shop.
 32165 | Orc:2    | Found a one-way gate leading to the halls of Pandemonium.
 32169 | Orc:2    | Bought a glimmering cloak for 304 gold pieces
 32169 | Orc:2    | Identified the -1 cloak of the Circus Animal {Drain Will+
                  | Dex+2 SInv} (You bought it in a shop on level 2 of the
                  | Orcish Mines)
 32205 | Orc:2    | Noticed Saint Roka
 32244 | Orc:2    | Killed Saint Roka
 32404 | Orc:2    | Found a staircase to the Elven Halls.
 33215 | D:12     | Found the +8 storm bow {elec, penet}
 33237 | D:12     | Identified the +10 short sword "Fykig" {heavy, Dex+2}
 33626 | D:12     | Found a hide-covered altar of Uskayaw.
 33898 | D:13     | Reached XP level 16. HP: 124/124 MP: 28/33
 34314 | D:13     | Found Jerim's Antique Weapon Shop.
 34324 | D:13     | Bought a jewelled mace for 240 gold pieces
 34324 | D:13     | Identified the +1 mace of Zayhuji {flame, Dex+3 SInv} (You
                  | bought it in a shop on level 13 of the Dungeon)
 34423 | D:13     | Upgraded the game from 0.30-a0-924-g0ad0bf95bc to
                  | 0.30-a0-930-gb9d0489357
 35086 | Orc:2    | Bought a wizard robe for 182 gold pieces
 35086 | Orc:2    | Identified the +0 robe "Ciol Itu" {Str+3 Int+2 Stlth+} (You
                  | bought it in a shop on level 2 of the Orcish Mines)
 35086 | Orc:2    | Bought a slimy robe for 182 gold pieces
 35086 | Orc:2    | Identified the +4 robe of Free Will {Drain rN+ rCorr
                  | Slay+3} (You bought it in a shop on level 2 of the Orcish
                  | Mines)
 35491 | D:14     | Found a gate leading to a gauntlet.
 35502 | Gauntlet | Entered a Gauntlet
 35502 | Gauntlet | Found a transporter.
 35502 | Gauntlet | Found a transporter.
 35502 | Gauntlet | Found a runed translucent door.
 35600 | Gauntlet | Found a runed translucent door.
 35602 | Gauntlet | Found a transporter.
 35603 | Gauntlet | Found a transporter.
 35632 | Gauntlet | Found a transporter.
 35632 | Gauntlet | Found a transporter.
 35634 | Gauntlet | Found a transporter.
 35634 | Gauntlet | Found a transporter.
 35646 | Gauntlet | Found a transporter.
 35662 | Gauntlet | Found a transporter.
 35672 | Gauntlet | Found a transporter.
 35689 | Gauntlet | Found a transporter.
 35706 | Gauntlet | Found a transporter.
 35718 | Gauntlet | Found a transporter.
 36357 | Gauntlet | Identified the ring of Xacuurch {rPois rC+ AC+4 Int-5}
 36387 | Gauntlet | Identified the +4 mace of Tauhuafit {freeze, rCorr Str-2
                  | Int+4 SInv}
 36665 | Gauntlet | Identified the +1 rapier "Onoesag" {venom, Str+6}
 36665 | Gauntlet | Identified the +0 cloak of Tartarus {+Inv Str+3 Dex+3}
 36665 | Gauntlet | Identified the +2 leather armour of Tysy {Int+3}
 37095 | D:14     | Found a gate to the Vaults.
 37648 | D:15     | Entered Level 15 of the Dungeon
 38590 | D:15     | Found a staircase to the Depths.
 38623 | D:15     | Found a white marble altar of Elyvilon.
 38738 | D:15     | Found a shimmering altar of Xom.
 39233 | D:15     | Reached XP level 17. HP: 103/136 MP: 14/34
 40090 | Snake:1  | Entered Level 1 of the Snake Pit
 40114 | Snake:1  | Noticed Aizul
 40414 | Swamp:1  | Entered Level 1 of the Swamp
 40639 | Swamp:1  | Learned a level 7 spell: Summon Hydra
 42973 | Swamp:3  | Reached skill level 16 in Summonings
 44261 | Swamp:4  | Entered Level 4 of the Swamp
 44353 | Swamp:4  | Reached XP level 18. HP: 105/144 MP: 12/36
 44357 | Swamp:4  | Reached skill level 15 in Spellcasting
 44767 | Swamp:4  | Learned a level 5 spell: Summon Mana Viper
 44773 | Swamp:4  | Learned a level 5 spell: Summon Forest
 46130 | Swamp:4  | Reached skill level 17 in Summonings
 46722 | Swamp:4  | Got a decaying rune of Zot
 47554 | Lair:2   | Killed Aizul
 47935 | Lair:2   | Found a staircase to the Snake Pit.
 50296 | Snake:2  | Found Godghi Biri's Antique Armour Boutique.
 50344 | Snake:2  | Found Koecloh's General Store.
 50448 | Snake:2  | Found Oheymia's Distillery.
 50450 | Snake:2  | Found Zegam's Assorted Antiques.
 50452 | Snake:2  | Found Lohirer's Antique Weapon Shoppe.
 50783 | Snake:2  | Noticed Mlioglotl
 50795 | Snake:2  | Killed Mlioglotl
 50906 | Snake:2  | Found Atetzi's General Store.
 50956 | Snake:2  | Found Ecso's Antique Weapon Emporium.
 51264 | Snake:2  | Found Elam's Jewellery Emporium.
 51429 | Snake:3  | Found a transporter.
 52857 | Snake:3  | Found a transporter.
 52857 | Snake:3  | Found the +7 captain's cutlass {speed, disarm}
 53011 | Snake:3  | Reached XP level 19. HP: 75/153 MP: 14/38
 53379 | Snake:3  | Noticed Roxanne
 53437 | Snake:3  | Noticed Louise
 53446 | Snake:3  | Killed Louise
 53620 | Snake:4  | Entered Level 4 of the Snake Pit
 53893 | Snake:4  | Found a transporter.
 53895 | Snake:4  | Noticed relicbr's ghost (journeyman SpDe)
 53907 | Snake:4  | Found a transporter.
 54210 | Snake:4  | Found Piko's General Store.
 54212 | Snake:4  | Found Roem Ada's Weapon Shoppe.
 54280 | Snake:4  | Found Riamyen's Distillery.
 54280 | Snake:4  | Found Jefrom's Magic Scroll Boutique.
 54503 | Snake:4  | Reached skill level 15 in Dodging
 55056 | Snake:4  | Reached skill level 15 in Fighting
 57071 | Snake:4  | Got a serpentine rune of Zot
 57729 | D:6      | Killed cforsyth's ghost
 57900 | Orc:1    | Killed Geneuc's ghost
 58343 | Vaults:1 | Entered Level 1 of the Vaults
 59164 | Vaults:1 | Reached XP level 20. HP: 158/165 MP: 28/39
 59389 | Vaults:1 | Identified the ring "Katy Jyt" {rCorr EV+5 Str+2 Stlth+}
 59457 | Vaults:1 | Noticed a Hell Sentinel
 59828 | Vaults:1 | Noticed an Ice Fiend
 61609 | Vaults:1 | Found a runed translucent gate.
 61609 | Vaults:1 | Found a runed translucent gate.
 61609 | Vaults:1 | Found a runed translucent gate.
 61609 | Vaults:1 | Noticed Luiw's ghost (veteran HOBe)
 61845 | Vaults:1 | Found a viscous altar of Jiyva.
 62731 | Vaults:1 | Found a viscous altar of Jiyva.
 63330 | Vaults:1 | Glimpsed the power of Zot.
 63738 | Vaults:1 | Found a viscous altar of Jiyva.
 63830 | Vaults:1 | Glimpsed the power of Zot.
 64587 | Vaults:2 | Reached XP level 21. HP: 177/177 MP: 24/40
 64587 | Vaults:2 | Reached XP level 22. HP: 184/184 MP: 24/41
 65868 | Vaults:2 | Killed Luiw's ghost
 68428 | Lair:1   | Bought the amulet of Tulips {RegenMP rN++ Int+2} for 672
                  | gold pieces
 69279 | Vaults:3 | Reached skill level 18 in Summonings
 69386 | Vaults:3 | Identified a scroll of acquirement
 69851 | Vaults:3 | Reached XP level 23. HP: 194/194 MP: 33/42
 70217 | Vaults:3 | Reached skill level 19 in Summonings
 70555 | Vaults:3 | Found a basalt altar of Yredelemnul.
 70588 | Vaults:3 | Found a staircase to the Crypt.
 70588 | Vaults:3 | Found an ancient bone altar of Kikubaaqudgha.
 71346 | Vaults:3 | Reached skill level 20 in Summonings
 72399 | Vaults:4 | Identified the +5 ring mail "Tiricsao" {Harm rElec Dex+2
                  | Slay+2}
 73459 | Vaults:4 | Reached skill level 21 in Summonings
 74596 | Elf:1    | Entered Level 1 of the Elven Halls
 74729 | Lair:1   | Bought a fine scale mail for 297 gold pieces
 74729 | Lair:1   | Identified the +4 scale mail of Starshine {rF- Int+2 SInv}
                  | (You bought it in a shop on level 1 of the Lair of Beasts)
 74734 | Lair:1   | Bought the amulet of the Four Winds {rN+ Will+++ Clar} for
                  | 789 gold pieces
 74734 | Lair:1   | Found the amulet of the Four Winds {rN+ Will+++ Clar}
 75431 | Elf:1    | Paralysed by an air elemental for 1 turns
 75959 | Elf:1    | Paralysed by an air elemental for 1 turns
 76037 | Elf:1    | Reached XP level 24. HP: 160/201 MP: 40/42
 76042 | Elf:1    | Reached skill level 22 in Summonings
 76195 | Elf:1    | Found Hoxziwem's One-of-a-Kind Rings.
 77677 | Elf:2    | Paralysed by an air elemental for 1 turns
 78233 | Elf:2    | Found a huge runed translucent gate.
 78235 | Elf:2    | Found a huge runed translucent gate.
 78240 | Elf:2    | Found a huge runed translucent gate.
 78241 | Elf:2    | Found a huge runed translucent gate.
 78241 | Elf:2    | Found a huge runed translucent gate.
 78511 | Elf:2    | Found an ancient bone altar of Kikubaaqudgha.
 79269 | Elf:2    | Noticed Asterion
 79283 | Elf:2    | Killed Asterion
 79667 | Elf:2    | Reached skill level 23 in Summonings
 80561 | Elf:3    | Entered Level 3 of the Elven Halls
 81477 | Snake:2  | Bought a book of the Dragon for 782 gold pieces
 81489 | Snake:2  | Learned a level 9 spell: Dragon's Call
 81972 | Elf:3    | Identified the orb "Fiff" {*Rage, rC+ Will+ Str+3}
 81972 | Elf:3    | Identified the ring "Ruboz" {rPois Dex+6}
 83065 | Elf:3    | Identified the staff of air "Zuasif Vilaj" {rElec Will++
                  | MP+9 Str+3 Stlth-}
 83073 | Elf:3    | Reached skill level 24 in Summonings
 83461 | Elf:3    | Identified the +10 spear of the Reasonable God {protect,
                  | Will- rCorr MP+9 Str+6}
 83516 | Elf:3    | Identified the staff of conjuration "Hodousi" {Str+2 Int+2}
 83680 | Elf:3    | Paralysed by an air elemental for 1 turns
 84509 | Elf:3    | Reached XP level 25. HP: 205/207 MP: 25/42
 84928 | Elf:3    | Identified the +8 plate armour of the Stone Wall {*Slow
                  | rPois Regen+ Dex+3}
 85281 | Elf:3    | Identified the +4 chain mail "Vexka" {rC- rCorr Str+5}
 85807 | Snake:3  | Identified the +9 sling of the Blue Skies {heavy, rF+
                  | Int+4}
 85891 | Snake:4  | Killed relicbr's ghost
 86295 | Snake:3  | Killed Roxanne
 86511 | Slime:1  | Entered Level 1 of the Pits of Slime
 86519 | Slime:1  | Reached skill level 25 in Summonings
 89141 | Slime:3  | Gained mutation: You occasionally lose the ability to drink
                  | potions when taking damage. [a shining eye]
 91017 | Slime:5  | Entered Level 5 of the Pits of Slime
 91142 | Slime:5  | Reached skill level 26 in Summonings
 91826 | Slime:5  | Gained mutation: You sometimes lose your temper in combat.
                  | [a shining eye]
 91827 | Slime:5  | Gained mutation: You are frail. (-10% HP) [a shining eye]
 92094 | Lair:1   | Bought a scroll of teleportation for 51 gold pieces
 92094 | Lair:1   | Bought a scroll of teleportation for 51 gold pieces
 92095 | Lair:1   | Bought the +2 ratskin cloak {*Rats rPois rN+ Str-1 Int-1
                  | Dex+1} for 1195 gold pieces
 92095 | Lair:1   | Bought a pair of glowing gloves for 322 gold pieces
 92095 | Lair:1   | Found the +2 ratskin cloak {*Rats rPois rN+ Str-1 Int-1
                  | Dex+1}
 92122 | Lair:1   | Bought a runed helmet for 247 gold pieces
 92131 | Lair:1   | Bought the +4 moon troll leather armour {Spirit, Regen++
                  | MP+5} for 763 gold pieces
 92131 | Lair:1   | Found the +4 moon troll leather armour {Spirit, Regen++
                  | MP+5}
 92139 | Lair:1   | Bought a shiny troll leather armour for 756 gold pieces
 92238 | Lair:4   | Fell from the grace of Gozag
 92238 | Lair:4   | Became a worshipper of Jiyva Joapes the Shapeless
 92497 | Crypt:1  | Entered Level 1 of the Crypt
 93019 | Crypt:1  | Identified the staff of cold "Xiroucs" {Drain rF+ rC+ rN+
                  | Will+ rCorr}
 93019 | Crypt:1  | Identified the ring of the Morning {Ice +Blink rPois Int-2
                  | Dex-2}
 93019 | Crypt:1  | Noticed Josephina
 93032 | Crypt:1  | Killed Josephina
 94377 | Crypt:1  | Noticed Khufu
 94379 | Crypt:1  | Noticed a royal mummy
 94383 | Crypt:1  | Killed Khufu
 94384 | Crypt:1  | Reached skill level 27 in Summonings
 94384 | Crypt:1  | Reached XP level 26. HP: 128/193 MP: 25/42
 94388 | Crypt:1  | Killed a royal mummy
 94772 | Crypt:1  | Noticed Bai Suzhen
 94789 | Crypt:1  | Killed Bai Suzhen
 95530 | Crypt:2  | Reached * piety under Jiyva
 95532 | Crypt:2  | Found the ring of Shadows {Umbra +Inv Stlth+}
 96440 | Crypt:2  | Reached ** piety under Jiyva
 97076 | Crypt:3  | Entered Level 3 of the Crypt
 98014 | Crypt:3  | Identified the +2 sling of Yssecuq {freeze, Contam rF-
                  | rN+++ Int+7}
 98021 | Crypt:3  | Reached *** piety under Jiyva
 98077 | Crypt:3  | Found a staircase to the Tomb.
 98079 | Crypt:3  | Lost mutation: You sometimes lose your temper in combat.
                  | [Jiyva's grace]
 98079 | Crypt:3  | Lost mutation: You are clumsy. (Dex -2) [Jiyva's grace]
 98079 | Crypt:3  | Lost mutation: You occasionally lose the ability to drink
                  | potions when taking damage. [Jiyva's grace]
 98079 | Crypt:3  | Gained mutation: Your mind is acute. (Int +4, Str/Dex -1)
                  | [Jiyva's grace]
 98079 | Crypt:3  | Gained mutation: Your mind is very acute. (Int +8, Str/Dex
                  | -2) [Jiyva's grace]
 98079 | Crypt:3  | Gained mutation: Your spells are a little harder to cast,
                  | but a little more powerful. [Jiyva's grace]
 98079 | Crypt:3  | Gained mutation: Your spells are harder to cast, but more
                  | powerful. [Jiyva's grace]
 98158 | Crypt:3  | Reached skill level 10 in Shields
 98502 | Crypt:3  | Noticed a dread lich
 98507 | Crypt:3  | Killed a dread lich
 98512 | Crypt:3  | Found the +8 arc blade {discharge, rElec}
 98520 | Crypt:3  | Identified the +5 chain mail of Valiance {Str+3 Slay-5}
 98525 | Crypt:3  | Identified the ring of Voybly {+Blink rN+ Will- Dex+4 SInv}
 98525 | Crypt:3  | Identified the ring of Jozachia {*Slow rElec rN+ rCorr
                  | Int+2}
 98525 | Crypt:3  | Identified the ring of Imecu {+Blink rElec rN+ Will-}
 98583 | Crypt:3  | Reached XP level 27. HP: 201/201 MP: 42/43
 99276 | Crypt:3  | Got the Directory of Death
 99392 | Tomb:1   | Entered Level 1 of the Tomb of the Ancients
 99436 | Tomb:1   | Reached **** piety under Jiyva
 99906 | Tomb:1   | Noticed a royal mummy
100014 | Tomb:1   | Killed a royal mummy
100111 | Tomb:1   | Noticed a royal mummy
100130 | Tomb:1   | Killed a royal mummy
101016 | Depths:1 | Entered Level 1 of the Depths
101271 | Depths:1 | Found a one-way gate to the infinite horrors of the Abyss.
101479 | Depths:1 | Reached ***** piety under Jiyva
101550 | Depths:1 | Found a gateway to Hell.
101560 | Depths:1 | Lost mutation: You are frail. (-10% HP) [Jiyva's grace]
101560 | Depths:1 | Gained mutation: You are partially covered in iridescent
                  | scales. (AC +2) [Jiyva's grace]
101560 | Depths:1 | Gained mutation: You are mostly covered in iridescent
                  | scales. (AC +4) [Jiyva's grace]
101560 | Depths:1 | Gained mutation: You are completely covered in iridescent
                  | scales. (AC +6) [Jiyva's grace]
101560 | Depths:1 | Gained mutation: You have a small jelly attached to you
                  | that senses nearby items. [Jiyva's grace]
102025 | Depths:1 | Was forgiven by Gozag
102598 | Depths:2 | Noticed a juggernaut
102602 | Depths:2 | Killed a juggernaut
104237 | Depths:3 | Noticed Boris
104245 | Depths:3 | Killed Boris
104543 | Depths:3 | Reached ****** piety under Jiyva
104626 | Depths:3 | Lost mutation: Your mind is very acute. (Int +8, Str/Dex
                  | -2) [Jiyva's grace]
104626 | Depths:3 | Lost mutation: Your spells are harder to cast, but more
                  | powerful. [Jiyva's grace]
104626 | Depths:3 | Gained mutation: Your natural rate of healing is unusually
                  | fast. [Jiyva's grace]
104626 | Depths:3 | Gained mutation: You heal very quickly. [Jiyva's grace]
104626 | Depths:3 | Gained mutation: You regenerate. [Jiyva's grace]
104626 | Depths:3 | Gained mutation: Your translucent skin slightly reduces
                  | your foes' accuracy. (Stealth+) [Jiyva's grace]
105107 | Depths:4 | Entered Level 4 of the Depths
105227 | Depths:4 | Noticed Parghit
105479 | Depths:4 | Found a portal to a secret trove of treasure.
105779 | Slime:5  | Found a viscous altar of Jiyva.
105780 | Slime:5  | Noticed the Royal Jelly
105784 | Slime:5  | Got the Thoughts on the Contaminated Discharge
105793 | Slime:5  | Identified the +10 mace of Othrith {heavy, MP+9}
105795 | Slime:5  | Got a slimy rune of Zot
105796 | Slime:5  | Identified the +7 falchion of the Present {pain, rF+}
105806 | Slime:5  | Identified the +5 battleaxe "Yblubbac" {protect, rCorr
                  | Str+5}
105809 | Slime:5  | Identified the +7 hand axe of Exquisite Torment {freeze,
                  | *Rage Will+ Str+5}
105829 | Slime:5  | Identified the +0 sling of Qadodex {heavy, rN++ Will+++
                  | SInv Stlth-}
105830 | Slime:5  | Identified the +0 dagger "Buttopho" {flame, MP+9}
106272 | Depths:4 | You showed the slimy rune of Zot to enter a treasure trove
106273 | Trove    | Entered a treasure trove
106278 | Trove    | Found the +4 consecrated labrys {holy, Valiant Fragile Fly
                  | SInv}
106290 | Trove    | Identified the +2 helmet "Doefoel" {*Slow rN+ Dex+4}
106292 | Trove    | Identified the +2 pair of gloves "Doetyow" {rElec rN+ Int+3
                  | Slay+2}
106308 | Trove    | Identified the amulet "Souvu" {Contam +Blink Regen+ Int+9
                  | SInv}
106316 | Trove    | Identified the -2 helmet of Eternity {*Corrode Str+6}
106359 | Depths:4 | Killed Parghit
106835 | Depths:4 | Found an ancient bone altar of Kikubaaqudgha.
106966 | Depths:4 | Found a gate to the Realm of Zot.
107101 | Depths:4 | Found a one-way gateway to a ziggurat.
107277 | Zot:1    | Entered Level 1 of the Realm of Zot
107318 | Zot:1    | Acquired 957 gold pieces
107320 | Zot:1    | Acquired cforsyth's Textbook on Inconstant Support
107331 | Zot:1    | Learned a level 8 spell: Summon Horrible Things
107339 | Zot:1    | Learned a level 7 spell: Monstrous Menagerie
109240 | Zot:3    | Gained mutation: Armour fits poorly on your pseudopods.
                  | [Jiyva's grace]
109240 | Zot:3    | Gained mutation: Armour fits poorly on your large
                  | pseudopods. [Jiyva's grace]
109240 | Zot:3    | Gained mutation: Armour fits poorly on your massive
                  | pseudopods. [Jiyva's grace]
109240 | Zot:3    | Gained mutation: Your flesh is heat resistant. (rF+)
                  | [Jiyva's grace]
109501 | Zot:3    | Noticed a Killer Klown
109513 | Zot:3    | Killed a Killer Klown
110567 | Zot:3    | Noticed an orb of fire
111486 | Zot:4    | Noticed an orb of fire
111520 | Zot:4    | Killed an orb of fire
111934 | Zot:5    | Entered Level 5 of the Realm of Zot
111998 | Zot:5    | Found a runed translucent gate.
111998 | Zot:5    | Found a runed translucent gate.
111998 | Zot:5    | Found a runed translucent gate.
112005 | Zot:5    | Noticed Sackuas's ghost (veteran OgBe)
112081 | Zot:5    | Lost mutation: You are completely covered in iridescent
                  | scales. (AC +6) [Jiyva's grace]
112081 | Zot:5    | Lost mutation: Your flesh is heat resistant. (rF+) [Jiyva's
                  | grace]
112081 | Zot:5    | Lost mutation: You regenerate. [Jiyva's grace]
112081 | Zot:5    | Lost mutation: Your spells are a little harder to cast, but
                  | a little more powerful. [Jiyva's grace]
112081 | Zot:5    | Lost mutation: Armour fits poorly on your massive
                  | pseudopods. [Jiyva's grace]
112081 | Zot:5    | Gained mutation: You are resistant to electric shocks.
                  | (rElec) [Jiyva's grace]
112081 | Zot:5    | Gained mutation: Your muscles are strong. (Str +4, Int/Dex
                  | -1) [Jiyva's grace]
112081 | Zot:5    | Gained mutation: Your muscles are very strong. (Str +8,
                  | Int/Dex -2) [Jiyva's grace]
112081 | Zot:5    | Gained mutation: You are covered in fur. (AC +1) [Jiyva's
                  | grace]
112339 | Zot:5    | Noticed an orb of fire
112350 | Zot:5    | Killed an orb of fire
112516 | Zot:5    | Noticed a Killer Klown
112528 | Zot:5    | Noticed an orb of fire
112535 | Zot:5    | Noticed an ancient lich
112541 | Zot:5    | Killed an orb of fire
112541 | Zot:5    | Killed a Killer Klown
112707 | Zot:5    | Noticed an ancient lich
112721 | Zot:5    | Killed an ancient lich
112793 | Zot:5    | Noticed an orb of fire
112800 | Zot:5    | Noticed an orb of fire
112821 | Zot:5    | Noticed a dread lich
112821 | Zot:5    | Noticed a Killer Klown
112832 | Zot:5    | Killed an orb of fire
112835 | Zot:5    | Noticed an orb of fire
112860 | Zot:4    | Killed a dread lich
112956 | Zot:5    | Killed a Killer Klown
112961 | Zot:5    | Killed an orb of fire
113259 | Zot:5    | Killed an ancient lich
113402 | Zot:5    | Noticed a Killer Klown
113411 | Zot:5    | Killed a Killer Klown
113690 | Zot:5    | Noticed an orb of fire
113733 | Zot:5    | Noticed an orb of fire
113734 | Zot:5    | Killed an orb of fire
113747 | Zot:5    | Gained mutation: Your body sometimes deteriorates upon
                  | taking damage. [an orb of fire]
113760 | Zot:5    | Lost mutation: Your translucent skin slightly reduces your
                  | foes' accuracy. (Stealth+) [an orb of fire]
113772 | Zot:5    | Gained mutation: Armour fits poorly on your strangely
                  | shaped body. [an orb of fire]
113774 | Zot:5    | Killed an orb of fire
113990 | Zot:5    | Killed an orb of fire
114080 | Zot:5    | Killed Sackuas's ghost
114109 | Zot:5    | Identified the +1 helmet of Panentheism {rN+}
114110 | Zot:5    | Identified the staff of air "Tatur" {rElec rN+ Dex+5}
114304 | Zot:5    | Got the Orb of Zot
114799 | D:1      | Noticed Fopimmur the pandemonium lord
114838 | D:$      | Escaped with the Orb!

Illustrated notes

Levels and vault maps discovered:
D:1:      matt_arrival_refuge, layout_basic
D:2:      layout_basic
D:3:      layout_loops_ring, nicolae_hepliaklqana_monster_ancestors
D:4:      layout_loops_ring, yredelemnul_altar_generic, minmay_tree_intersection
D:5:      layout_cave_pods, gammafunk_temple_overflow_pools,
          nicolae_gozag_seed_capital, nemelex_spade_bored_becter,
          minmay_temple_entry_slanted, corexii_shack, uniq_eustachio
D:6:      layout_loops_ring, makhleb_blood_cavern_becter,
          ebering_ghost_rock_garden
D:7:      layout_rooms, lemuel_crystal_altar, minmay_misc_feat_four_crosses
D:8:      lemuel_insect_pit, layout_rooms, okawaru_humans, uniq_pikel
D:9:      kennysheep_big_flooded_room, layout_long_grid, lemuel_doored_altar,
          amcnicky_altar_gilded, serial_shops, nicolae_shop_waterfront,
          nicolae_shop_stone, uniq_joseph
D:10:     layout_long_grid, overflow_temple_1_default, david_lair_generic,
          kennysheep_orc_monster_closet_entryway
D:11:     layout_roguey, chequers_serial_rivers_micro_d,
          nicolae_tso_swordbearing_angel
D:12:     minmay_shoctagon, layout_gridville, serial_shops, bzr_entry_safe,
          minmay_misc_feat_roman, nicolae_uskayaw_dance_hall
D:13:     layout_basic, serial_shops, nicolae_lakefront_shop
D:14:     layout_roguey, grunt_vaults_entry_tiered, gauntlet_entry_generic,
          dk_noncrumbling_2
D:15:     hangedman_depths_entry_try_elsewhere_first, layout_basic,
          xom_teletrap_fun, nicolae_elyvilon_peaceful_grove
Temple:   hellmonk_temple_micro_hex
Lair:1:   layout_roguey
Lair:2:   layout_gridlike, minmay_snake_entry_guardpost_medium, minmay_holes,
          small_statue_intersection, infiniplex_staircase_pool,
          grunt_megastairs_4, serial_bayou_shore_a, uniq_fannar, uniq_erica
Lair:3:   layout_layer_cave, swamp_mist, minivault_24, forest_entry_grove,
          grunt_megastairs_3, infiniplex_staircase_pool_2
Lair:4:   layout_roguey, slime_entry_1, portal_ice_cave_rime,
          minmay_lair_oklob_bushes
Lair:5:   cheibrodos_lair_end_hotspot, layout_loops_ring,
          nicolae_volcano_entry_lava_flow, uniq_sonja
Swamp:1:  layout_basic_swamp, evilmike_swamp_ruin_rubble_1
Swamp:2:  layout_falls_marsh, serial_swamp_ruin, evilmike_swamp_ruin_house_5,
          evilmike_swamp_ruin_house_3
Swamp:3:  layout_falls_marsh, hangedman_swamp_cone, nicolae_swamp_bunyip_nook
Swamp:4:  swamp_fiery, layout_basic_swamp, swamp_pool1
Snake:1:  layout_chambers, nicolae_snake_salamander_stairs, uniq_aizul
Snake:2:  layout_honeycomb, serial_shops, shop, nicolae_shop_hallway_plus, shop,
          nicolae_shop_behind_doors, shop_fountains, minmay_shop_star,
          uniq_mlioglotl
Snake:3:  gammafunk_sealed_arena, layout_cave_shapes, uniq_roxanne, uniq_louise
Snake:4:  minmay_snake_end_coiled, layout_layer_cave, gammafunk_ghost_arena,
          nicolae_snake_serpentine_hallways, nicolae_snake_serpentine_bazaar
Slime:1:  layout_caves
Slime:2:  cheibrodos_slime_lost_civilization_3, layout_caves,
          cheibrodos_slime_lost_civilization_5
Slime:3:  layout_caves
Slime:4:  cheibrodos_slime_lost_civilization_1, layout_caves,
          cheibrodos_slime_lost_civilization_4
Slime:5
Orc:1:    layout_caves, basic_altar, gammafunk_ghost_wrathful_warriors
Orc:2:    pf_orc_diabolical, layout_caves, nicolae_shop_overcharged_wands,
          uniq_azrael, uniq_saint_roka
Elf:1:    eino_elf_arrival_shootout, layout_rooms, hangedman_corner_corridor,
          nicolae_shop_unique_rings, st_stairs_11,
          dilly_guarded_unrand_elemental_staff
Elf:2:    elven_hall_of_blades_hangedman_alternative
          [nicolae_vaults_blade_armed_guards], layout_loops_corners,
          basic_altar, uniq_asterion
Elf:3:    grunt_elf_hall_diamonds, layout_geoelf_grid
Vaults:1: gammafunk_ghost_ooze, vaults_room_ringed_pool, vaults_room_door_hall,
          nicolae_vaults_big_ls, vaults_standard_mumra_x,
          nicolae_vaults_angled_halls, grunt_vaults_swirl, st_eye, v_misc_11,
          nicolae_vaults_mini_display_case, vaults_dpeg_cross,
          layout_vaults_big_cross
Vaults:2: nicolae_vaults_twisting_passages, nicolae_vaults_little_squares_3,
          v_misc_16, vaults_room_grid, hangedman_vaults_hat,
          nicolae_vaults_network_s, hangedman_vaults_unwind, v_alt_pattern_2,
          grunt_vaults_bifocal, v_misc_23, layout_vaults_omnigrid
Vaults:3: nicolae_vaults_little_squares_5, nicolae_vaults_fighting_squares,
          minmay_crypt_entry_necro_gods, vaults_room_semicircle,
          nicolae_vaults_network_periphery, v_pattern_4,
          nicolae_vaults_ring_of_whatevers, vaults_mumra_hex, vaults_room_fours,
          layout_vaults_chaotic_city
Vaults:4: ontoclasm_vaults_claustrophobia,
          nicolae_vaults_windows_and_doors_thing, vaults_mumra_minichess,
          vaults_standard_mumra_enter_the_diamond, hangedman_vaults_impose,
          nicolae_vaults_little_squares_6, nicolae_vaults_border_crossing,
          dpeg_vaults_monster_box, nicolae_vaults_little_squares_6, v_misc_5,
          layout_vaults_ring
Crypt:1:  layout_misc_corridors, grunt_crypt_arrival_guarded_gate,
          uniq_josephina, uniq_bai_suzhen, uniq_khufu
Crypt:2:  layout_basic
Crypt:3:  due_elkab, layout_chaotic_city
Tomb:1
Depths:1: layout_gridlike, abyss_entry, nicolae_hell_entry_hellmouth_sunbeams,
          grunt_ministairs_5, dk_noncrumbling_4, nrook_mini_vaults, st_stairs_3,
          minmay_mirror_moons_of_madness
Depths:2: minmay_inside_and_out, layout_gridlike, rand_demon_pan_entry_9,
          minmay_misc_feat_encased, hell_entry, abyss_entry
Depths:3: hangedman_screamer, layout_gridlike, serial_sigils,
          serial_sigils_hangedman_scratch, serial_sigils_hangedman_stare,
          serial_sigils_hangedman_confine, serial_sigils_hangedman_snap,
          serial_sigils_hangedman_gut, pf_vacation_house_of_asmodeus,
          abyss_entry_small_statue_room, pan_entry
Depths:4: grunt_zot_entry_gee_three, layout_twisted_cross, enter_ziggurat_f,
          enter_trove_1, pf_hell_entry_tar_spiral, abyss_entry,
          kiku_gazebo_pond_becter, rand_demon_pan_entry_8, hex_tiny,
          uniq_parghit
Zot:1:    kennysheep_six_static_rooms, layout_misc_corridors
Zot:2:    layout_twisted_circle, lemuel_baited_zot_trap, nicolae_zot_crop_circle
Zot:3:    layout_gridlike, nrook_zot_tub, grunt_megastairs_1
Zot:4:    layout_onion
Zot:5:    layout_misc_corridors, gammafunk_ghost_necromancy

Skill      XL: |  1  2  3  4  5  6  7  8  9 10 11 12 13 14 15 16 17 18 19 20 21 22 23 24 25 26 27 |
---------------+----------------------------------------------------------------------------------+-----
Shields        | 1 3 5 7 8 10 | 10.0
Spellcasting   | 3 4 5 6 7 9 10 12 13 14 15 16 21 | 21.5
Summonings     | 5 6 7 8 10 12 13 15 16 17 18 21 24 27 | 27.0
Hexes          | 1 3 4 |  4.2
Air Magic      | 2 5 |  5.0
Fighting       | 5 6 7 10 13 14 16 18 19 24 | 24.4
Dodging        | 5 6 7 11 13 14 16 18 19 20 24 | 24.5
Armour         | 4 |  4.9
Stealth        | |  2.3

Action                     |  1- 3 |  4- 6 |  7- 9 | 10-12 | 13-15 | 16-18 | 19-21 | 22-24 | 25-27 || total
---------------------------+-------+-------+-------+-------+-------+-------+-------+-------+-------++-------
  Melee: Unarmed           |    64 |    15 |    32 |     5 |    90 |       |       |       |       ||   206
         Punch             |     1 |       |       |       |       |       |       |       |       ||     1
         Mace              |       |       |       |       |       |     6 |    13 |     7 |       ||    26
         Staff             |       |       |       |       |       |       |       |    11 |    75 ||    86
         Pseudopods        |       |       |       |       |       |       |       |       |     3 ||     3
   Cast: Summon Small Mamm |    43 |    35 |    40 |    12 |    17 |    16 |       |       |       ||   163
         Call Imp          |    11 |    23 |    24 |     9 |    12 |    12 |       |       |       ||    91
         Call Canine Famil |     2 |    24 |    48 |    59 |   113 |    49 |     1 |    23 |     9 ||   328
         Summon Guardian G |       |     1 |    21 |    70 |    99 |    81 |       |       |     1 ||   273
         Summon Lightning  |       |       |     1 |    48 |    71 |    28 |       |       |       ||   148
         Summon Cactus Gia |       |       |       |       |    83 |   167 |    98 |   172 |   139 ||   659
         Summon Hydra      |       |       |       |       |       |    19 |    30 |   243 |   198 ||   490
         Summon Mana Viper |       |       |       |       |       |    55 |    92 |   175 |   137 ||   459
         Summon Forest     |       |       |       |       |       |    32 |    47 |    57 |    65 ||   201
         Dragon's Call     |       |       |       |       |       |       |       |       |    93 ||    93
         Summon Horrible T |       |       |       |       |       |       |       |       |    42 ||    42
         Monstrous Menager |       |       |       |       |       |       |       |       |     1 ||     1
 Invoke: Call Merchant     |       |       |       |     2 |     2 |     3 |       |     4 |       ||    11
  Evoke: Wand              |       |       |       |     2 |    21 |       |       |     1 |     2 ||    26
    Use: Scroll            |       |       |     2 |    21 |     9 |     6 |     9 |     2 |    16 ||    65
         Potion            |       |       |     2 |       |       |     2 |     6 |       |     4 ||    14
   Stab: Distracted        |       |       |     1 |       |       |       |       |       |     2 ||     3
         Betrayed ally     |       |       |       |     1 |       |       |       |       |       ||     1
 Armour: Robe              |    39 |    22 |     6 |       |       |       |       |       |       ||    67
         Leather armour    |       |       |    30 |    11 |    58 |    73 |    27 |    66 |    29 ||   294
         Troll leather arm |       |       |       |       |       |       |       |       |   266 ||   266
  Dodge: Dodged            |    75 |    63 |    57 |    43 |   140 |   118 |    59 |   182 |   564 ||  1301
  Block: Kite shield       |       |       |       |    16 |   304 |   248 |   118 |   164 |   446 ||  1296
         Reflection        |       |       |       |       |    19 |    37 |    25 |     8 |       ||    89

Table legend: (Time is in decaauts)
 A = Elapsed time spent in this place.
 B = Non-inter-level travel time spent in this place.
 C = Inter-level travel time spent in this place.
 D = Time resting spent in this place.
 E = Time spent auto-exploring this place.
 F = Levels seen in this place.
 G = Mean time per level.
                   A        B        C        D        E       F      G
               +--------+--------+--------+--------+--------+-----+--------+
         Total | 115432 | 108550 |   6882 |  23320 |  59830 |  61 | 1892.3 |
       Dungeon |  23313 |  20994 |   2319 |   3367 |  12467 |  15 | 1554.2 |
        Temple |      3 |      1 |      2 |      0 |      0 |   1 |    3.0 |
          Lair |  11884 |  10854 |   1030 |   2394 |   6353 |   5 | 2376.8 |
         Swamp |   6700 |   6458 |    242 |   1122 |   4231 |   4 | 1675.0 |
     Snake Pit |  10269 |   9915 |    354 |   2406 |   5771 |   4 | 2567.2 |
    Slime Pits |   5784 |   5557 |    227 |    837 |   3369 |   5 | 1156.8 |
  Orcish Mines |   6401 |   5868 |    533 |   2166 |   2287 |   2 | 3200.5 |
   Elven Halls |   9963 |   9709 |    254 |   2620 |   5171 |   3 | 3321.0 |
        Vaults |  17027 |  16132 |    895 |   2684 |  10595 |   4 | 4256.8 |
         Crypt |   6104 |   5918 |    186 |   1640 |   2716 |   3 | 2034.7 |
          Tomb |   1375 |   1278 |     97 |    331 |    155 |   1 | 1375.0 |
        Depths |   5734 |   5225 |    509 |    579 |   3335 |   4 | 1433.5 |
           Zot |   7155 |   6925 |    230 |   1734 |   2543 |   5 | 1431.0 |
        Bazaar |     71 |     71 |      0 |      0 |     37 |   1 |   71.0 |
         Trove |     62 |     62 |      0 |      0 |      0 |   1 |   62.0 |
      Ice Cave |   1715 |   1715 |      0 |    692 |    488 |   1 | 1715.0 |
       Volcano |    675 |    675 |      0 |    272 |     88 |   1 |  675.0 |
      Gauntlet |   1189 |   1189 |      0 |    476 |    221 |   1 | 1189.0 |
               +--------+--------+--------+--------+--------+-----+--------+

Top non-repeatable levels by time:
Vaults:1: 6239 daAuts
Vaults:3: 4641 daAuts
Vaults:2: 4143 daAuts
 Snake:4: 4042 daAuts
   Elf:3: 3742 daAuts
   Elf:2: 3715 daAuts
   Orc:2: 3227 daAuts
   Orc:1: 3173 daAuts
  Lair:2: 3080 daAuts
    D:10: 2550 daAuts
  Lair:5: 2535 daAuts
   Elf:1: 2505 daAuts
  Lair:1: 2372 daAuts
 Swamp:4: 2365 daAuts
 Slime:2: 2353 daAuts
